 Dungeon Crawl Stone Soup version 0.26-a0-651-gb41185065b (webtiles) character file.

Game seed: 1784194665426327114

517230 Irenicus the Petrodigitator (level 23, -4/250 HPs)
             Began as a Deep Dwarf Earth Elementalist on Oct 26, 2020.
             Was the Champion of Makhleb.
             Slain by a bennu (11 damage)
             ... on level 3 of the Tomb of the Ancients.
             The game lasted 03:49:25 (17356 turns).

Irenicus the Petrodigitator (DDEE)                 Turns: 17356, Time: 03:49:26

Health: -4/250     AC: 33    Str: 12    XL:     23   Next: 71%
Magic:  3/57 (48)  EV: 15    Int: 31    God:    Makhleb [******]
Gold:   853        SH: 12    Dex: 13    Spells: 16/64 levels left

rFire    + + +     SeeInvis +   U - staff of earth
rCold    + + .     Faith    .   m - +2 buckler of Raenocel {rF++ rN+ Regen+}
rNeg     + + +     Spirit   .   (armour currently unavailable)
rPois    ∞         Reflect  +   (helmet restricted)
rElec    +         Harm     .   I - scarf {rC+ rF+}
rCorr    .         Rampage  .   (gloves currently unavailable)
MR       ++++.                  (boots currently unavailable)
Stlth    +.........             F - amulet of Gaseow {Reflect Int+5 SH+5}
HPRegen  0.00/turn              l - ring of magical power {MP+9}
MPRegen  0.35/turn              X - ring "Enenn" {rElec rC+ SInv Stlth-}

@: lethally poisoned (-4 -> -4), statue-form, non-regenerating, slowed, very
slow
A: damage resistance, heal wounds, antennae 1, magic resistance 1, negative
energy resistance 1, sense surroundings 3, poison resistance, screaming 1, no
regeneration
}: 4/15 runes: decaying, serpentine, slimy, silver
a: Heal Wounds, End Transformation, Minor Destruction, Lesser Servant of
Makhleb, Major Destruction, Greater Servant of Makhleb, Renounce Religion


You were on level 3 of the Tomb of the Ancients.
You worshipped Makhleb.
Makhleb was exalted by your worship.
You were a stone statue.
You visited 10 branches of the dungeon, and saw 49 of its levels.

You collected 3400 gold pieces.
You spent 2547 gold pieces at shops.

Inventory:

Hand Weapons
 q - the +8 long sword of the Pillar {vorpal, +Rage rF++ MR+}
   (You took it off a deep elf mage on level 3 of the Elven Halls)

   It inflicts extra damage upon your enemies.
   It greatly protects you from fire.
   It affects your resistance to hostile enchantments.
   It lets you go berserk.
Missiles
 b - 339 stones (quivered)
Armour
 d - a +2 helmet of see invisible
   (You found it on level 3 of the Elven Halls)
 j - the +2 pair of gloves of the Evil One {-Tele rElec rF+}
   (You found it on level 2 of the Tomb of the Ancients)

   It protects you from fire.
   It insulates you from electricity.
   It prevents most forms of teleportation.
 m - the +2 buckler of Raenocel (worn) {rF++ rN+ Regen+}
   (You bought it in a shop on level 2 of the Orcish Mines)

   It greatly protects you from fire.
   It protects you from negative energy.
   It increases your rate of regeneration.
 w - a +2 pair of gloves of strength (melded)
   (You found it on level 6 of the Lair of Beasts)
 E - a +5 ring mail of poison resistance (melded)
   (You took it off Joseph on level 8 of the Dungeon)
 I - a scarf of resistance (worn)
   (You bought it in a shop on level 10 of the Dungeon)
 N - the +2 pair of boots of Mushrec (melded) {Int+3}
   (You bought it in a shop on level 10 of the Dungeon)

   It affects your intelligence (+3).
 R - a scarf of harm
   (You bought it in a shop on level 10 of the Dungeon)
Magical Staves
 U - an uncursed staff of earth (weapon)
   (You found it on level 11 of the Dungeon)
Jewellery
 l - a ring of magical power (left hand) {MP+9}
   (You found it on level 2 of the Dungeon)
 x - the ring "Iresm" {rPois rC+ MR- Str+4 Int+4 SInv}
   (You acquired it on level 6 of the Lair of Beasts)

   [ring of see invisible]

   It affects your strength (+4).
   It affects your intelligence (+4).
   It protects you from cold.
   It protects you from poison.
   It affects your resistance to hostile enchantments.
   It lets you see invisible.
 y - an uncursed ring of resist corrosion
   (You found it on level 5 of the Dungeon)
 B - the ring of the Genius {rF+ SInv}
   (You found it on level 5 of the Vaults)

   [ring of see invisible]

   It protects you from fire.
   It lets you see invisible.
 C - the ring of Shadows {Umbra +Inv Stlth+}
   (You found it on level 7 of the Dungeon)

   [ring of stealth]

   It lets you turn invisible.
   It makes you more stealthy.
 F - the amulet of Gaseow (around neck) {Reflect Int+5 SH+5}
   (You took it off a deep elf demonologist on level 3 of the Elven Halls)

   [amulet of reflection]

   It shields you and reflects attacks.
   It affects your intelligence (+5).
   It affects your SH (+5).
 M - the ring "Jiove" {Ice rN+ Slay+2}
   (You took it off a deep elf mage on level 3 of the Elven Halls)

   [ring of ice]

   It enhances your ice magic.
   It affects your accuracy and damage with ranged weapons and melee attacks
   (+2).
   It makes you vulnerable to fire.
   It protects you from cold.
   It protects you from negative energy.
 W - an uncursed ring of positive energy {rN+}
   (You found it on level 3 of the Elven Halls)
 X - the ring "Enenn" (right hand) {rElec rC+ SInv Stlth-}
   (You found it on level 5 of the Pits of Slime)

   [ring of attention]

   It protects you from cold.
   It insulates you from electricity.
   It lets you see invisible.
   It makes you less stealthy.
 Z - the ring of Suspected Treachery {rElec Int+2 Dex-5 SInv Stlth-}
   (You found it on level 2 of the Lair of Beasts)

   [ring of attention]

   It affects your intelligence (+2).
   It affects your dexterity (-5).
   It insulates you from electricity.
   It lets you see invisible.
   It makes you less stealthy.
Wands
 a - a wand of acid (13)
   (You took it off Maurice on level 8 of the Dungeon)
 H - a wand of digging (7)
   (You found it on level 4 of the Swamp)
 L - a wand of iceblast (12)
   (You found it on level 9 of the Dungeon)
 T - a wand of disintegration (18)
   (You found it on level 5 of the Pits of Slime)
Scrolls
 c - 5 scrolls of remove curse
 h - 4 scrolls of magic mapping {!r}
 k - 4 scrolls of immolation {!r}
 t - 2 scrolls of fear
 u - 13 scrolls of teleportation
 J - 5 scrolls of identify
 S - 4 scrolls of blinking {!r}
 Y - 2 scrolls of enchant armour
Potions
 g - 5 potions of lignification {!q}
 i - 9 potions of haste
 o - 3 potions of cancellation
 p - 5 potions of magic
 v - 3 potions of flight
 z - 12 potions of curing
 A - 3 potions of heal wounds
 K - a potion of invisibility
 Q - 3 potions of brilliance
 V - a potion of mutation {!q}
Miscellaneous
 e - a lightning rod (4/4)
   (You found it on level 3 of the Elven Halls)
 f - a box of beasts (3/3)
   (You found it on level 6 of the Lair of Beasts)
 n - a tin of tremorstones (inert)
   (You bought it in a shop on level 3 of the Snake Pit)
 D - a phial of floods (inert)
   (You found it on level 3 of the Swamp)
 G - a phantom mirror (inert)
   (You found it on level 5 of the Lair of Beasts)
 O - a condenser vane (2/2)
   (You found it on level 3 of the Elven Halls)


   Skills:
 + Level 8.6 Fighting
 - Level 5.5 Armour
 - Level 5.9 Dodging
 - Level 2.4 Stealth
 - Level 4.0 Shields
 - Level 21.0 Spellcasting
 - Level 3.7 Conjurations
 - Level 19.4 Necromancy
 - Level 0.8 Transmutations
 O Level 27 Earth Magic
 - Level 17.3 Evocations


You had 16 spell levels left.
You knew the following spells:

 Your Spells              Type           Power        Failure   Level
a - Sandblast             Erth           ######       0%          1
b - Shatter               Erth           ########..   1%          9
c - Statue Form           Tmut/Erth      ########.    1%          6
d - Borgnjor's Vile Clut  Necr/Erth      ########..   0%          5
e - Iron Shot             Conj/Erth      ########..   1%          6
f - Infestation           Necr           ########..   2%          8
g - Apportation           Tloc           ####..       1%          1
r - Sublimation of Blood  Necr           ########..   0%          2
w - Passwall              Tmut/Erth      ########     0%          2
x - Stone Arrow           Conj/Erth      ######       0%          3
z - Lee's Rapid Deconstr  Erth           ########..   0%          5

Your spell library contained the following spells:

 Spells                   Type           Power        Failure   Level
 Animate Skeleton         Necr           ######       0%          1
 Vampiric Draining        Necr           ########..   0%          3
 Dispel Undead            Necr           ########     0%          4
 Agony                    Necr           ########     0%          5
 Excruciating Wounds      Necr           ########..   0%          5
 Beastly Appendage        Tmut           #####.       1%          1
 Corona                   Hex            ####...      1%          1
 Foxfire                  Conj/Fire      ####         1%          1
 Freeze                   Ice            ####         1%          1
 Magic Dart               Conj           ####         1%          1
 Shock                    Conj/Air       ####         1%          1
 Sting                    Tmut/Pois      ####         1%          1
 Summon Small Mammal      Summ           ####         1%          1
 Blink                    Tloc           N/A          1%          2
 Call Imp                 Summ           ####....     1%          2
 Corpse Rot               Necr/Air       N/A          1%          2
 Ensorcelled Hibernation  Hex/Ice        ####..       1%          2
 Poisonous Vapours        Pois/Air       ####..       1%          2
 Searing Ray              Conj           ######       1%          2
 Slow                     Hex            ####....     1%          2
 Swiftness                Air            ####....     1%          2
 Wereblood                Tmut           #####...     1%          2
 Conjure Flame            Conj/Fire      #####...     1%          3
 Dazzling Flash           Conj/Hex       #####.       1%          3
 Mephitic Cloud           Conj/Pois/Air  #####...     1%          3
 Static Discharge         Conj/Air       #####...     1%          3
 Leda's Liquefaction      Hex/Erth       ########..   1%          4
 Petrify                  Tmut/Erth      ########     1%          4
 Bolt of Magma            Conj/Fire/Erth #######...   1%          5
 Death Channel            Necr           ########..   1%          6
 Spider Form              Tmut/Pois      #####.....   2%          3
 Borgnjor's Revivificati  Necr           ########..   2%          8
 Call Canine Familiar     Summ           ####....     3%          3
 Confusing Touch          Hex            ####....     3%          3
 Frozen Ramparts          Ice            ####..       3%          3
 Gell's Gravitas          Tloc           ####......   3%          3
 Inner Flame              Hex/Fire       ####....     3%          3
 Lesser Beckoning         Tloc           ####......   3%          3
 Ozocubu's Armour         Ice            ####....     3%          3
 Portal Projectile        Hex/Tloc       ####..       3%          3
 Summon Guardian Golem    Hex/Summ       ####....     3%          3
 Teleport Other           Tloc           ####....     3%          3
 Tukima's Dance           Hex            ####....     3%          3
 Simulacrum               Ice/Necr       #######...   3%          6
 Fulminant Prism          Conj/Hex       #####.....   4%          4
 Hailstorm                Conj/Ice       #####...     4%          4
 Iskenderun's Mystic Bla  Conj/Tloc      #####...     4%          4
 Sticky Flame             Conj/Fire      #####...     4%          4
 Ice Form                 Ice/Tmut       #####...     9%          4
 Airstrike                Air            ####......   11%         4
 Cause Fear               Hex            ####......   11%         4
 Passage of Golubria      Tloc           N/A          11%         4
 Summon Ice Beast         Ice/Summ       ####....     11%         4
 Summon Lightning Spire   Summ/Air       ####....     11%         4
 Irradiate                Conj/Tmut      #####.....   12%         5
 Fireball                 Conj/Fire      #####.....   14%         5
 Lightning Bolt           Conj/Air       #####.....   14%         5
 Haunt                    Necr/Summ      #######...   17%         7
 Blade Hands              Tmut           #####.....   21%         5
 Alistair's Intoxication  Tmut/Pois      #####....    24%         5
 Yara's Violent Unravell  Hex/Tmut       #####.....   24%         5
 Metabolic Englaciation   Hex/Ice        ####......   28%         5
 Summon Forest            Summ/Tloc      ####......   28%         5
 Death's Door             Necr           ########..   36%         9
 Conjure Ball Lightning   Conj/Air       #####.....   58%         6
 Freezing Cloud           Conj/Ice/Air   #####.....   67%         6
 Necromutation            Tmut/Necr      #######...   71%         8
 Hydra Form               Tmut           #####.....   75%         6
 Eringya's Noxious Bog    Tmut/Pois      #####.....   80%         6
 Dispersal                Tloc           ####......   85%         6
 Ozocubu's Refrigeration  Ice            ####......   85%         6
 Shadow Creatures         Summ           N/A          85%         6
 Orb of Destruction       Conj           ######....   88%         7
 Dragon Form              Tmut           #####.....   99%         7
 Spellforged Servitor     Conj/Summ      #####.....   99%         7
 Summon Hydra             Summ           ####......   100%        7
 Disjunction              Tloc           ####......   100%        8
 Ignition                 Fire           ####......   100%        8
 Dragon's Call            Summ           ####......   100%        9
 Tornado                  Air            ####......   100%        9


Dungeon Overview and Level Annotations

Branches:
Dungeon (14/15)            Temple (0/1) D:6            Lair (6/6) D:10
  Swamp (4/4) Lair:2        Snake (4/4) Lair:4        Slime (5/5) Lair:5
    Orc (2/2) D:9             Elf (3/3) Orc:2        Vaults (5/5) D:14
  Crypt (3/3) Vaults:2       Tomb (3/3) Crypt:3

Altars:
Ashenzari
Dithmenos
Fedhas
Gozag
Hepliaklqana
Makhleb
Nemelex Xobeh
Okawaru
Qazlal
Uskayaw
Vehumet
Xom
Zin
The Shining One
Jiyva

Shops:
D:6 (   D:8 [   D:10 [*[!   Orc:2 [[!?   Snake:3 *   Vaults:3 *

Portals:
Trove: Elf:2 (give +2 shadow dragon scales)

Annotations:
Lair:6 3 runed translucent doors, walterwhite's ghost, journeyman MiFi
Elf:2 +2 shadow dragon scale trove


Innate Abilities, Weirdness & Mutations

You are resistant to damage.
You can heal yourself by infusing magical energy.
You resist negative energy. (rN+)
You passively map a large area around you.
You do not regenerate.
You have a pair of small antennae on your head.
You are resistant to hostile enchantments. (MR+)
Your system is resistant to poisons. (rPois)
You occasionally shout uncontrollably at your foes.


Message History

* * * LOW HITPOINT WARNING * * *
The greater mummy is engulfed in blazing flames.
The greater mummy hits you!
* * * LOW HITPOINT WARNING * * *
A guardian mummy comes into view.
The bennu pecks you but does no damage. The bennu barely misses you.
The bennu claws you but does no damage.
You regained 11 hp, and now have 54/250 hp.
You now have 2/57 mp.
Evoke which item? (* to show all) (? for menu, Esc to quit)
The tremorstone explodes into fragments!
The burst of rock shards engulfs the greater mummy!
The burst of rock shards engulfs you but does no damage.
The burst of rock shards engulfs the emperor scorpion but does no damage. x2
The burst of rock shards engulfs the bennu!
The burst of rock shards engulfs the greater mummy but does no damage.
The burst of rock shards engulfs you but does no damage.
The burst of rock shards engulfs the emperor scorpion but does no damage. x2
The burst of rock shards engulfs the bennu!
The burst of rock shards engulfs the greater mummy.
The tin is emptied!
A death scarab comes into view.
The bennu closely misses you. The bennu claws you.
You block the bennu's attack.
The emperor scorpion stings you but does no damage.
The emperor scorpion claws you!
* * * LOW HITPOINT WARNING * * *
The emperor scorpion claws you but does no damage.
You block the emperor scorpion's attack. x3
The greater mummy is engulfed in blazing flames.
The greater mummy misses you. The emperor scorpion misses you.
You block the emperor scorpion's attack.
The emperor scorpion claws you but does no damage.
The bennu pecks you.
The bennu claws you but does no damage. x2
The emperor scorpion is engulfed in blazing flames.
You kill the emperor scorpion!
The emperor scorpion's corpse disappears in a puff of smoke!
The emperor scorpion stings you!
* * * LOW HITPOINT WARNING * * *
The emperor scorpion claws you but does no damage.
The emperor scorpion misses you. The bennu pecks you but does no damage.
The bennu claws you but does no damage. x2
The emperor scorpion is engulfed in blazing flames.
The emperor scorpion stings you but does no damage.
The emperor scorpion barely misses you.
The emperor scorpion claws you but does no damage.
The greater mummy is engulfed in blazing flames.
The greater mummy calls on the powers of darkness!
Your body is wracked with pain!
* * * LOW HITPOINT WARNING * * *
The emperor scorpion convulses! x2; The bennu convulses!
A death scarab comes into view.
You take 13 damage, and have 41/250 hp.
Evoke which item? (* to show all) (? for menu, Esc to quit)
Press: ? - help, Shift-Dir - straight line, f - bennu
Aim: a bennu (flame, almost dead)
The torrent of water misses the bennu.
The wave splashes down.
Splash!
You fall into the shallow water.
Moving in this stuff is going to be slow.
The emperor scorpion is engulfed in water. x2
A death scarab comes into view.
The death scarab is engulfed in blazing flames. x4
The bennu's plumage briefly flares with an otherwordly flame.
The bennu pecks you.
* * * LOW HITPOINT WARNING * * *
You block the bennu's attack. The bennu claws you but does no damage.
The death scarab is engulfed in blazing flames. x2
The bennu closely misses you. You block the bennu's attack.
The bennu closely misses you.
The emperor scorpion stings you but does no damage.
The emperor scorpion closely misses you.
The emperor scorpion misses you.
The emperor scorpion is engulfed in blazing flames.
The emperor scorpion stings you!
* * * LOW HITPOINT WARNING * * *
The emperor scorpion barely misses you.
The emperor scorpion claws you but does no damage.
The greater mummy is engulfed in blazing flames.
The greater mummy splashes around in the water.
The death scarab is engulfed in blazing flames.
The death scarab bites you but does no damage.
The death scarab is engulfed in blazing flames.
The bennu pecks you!
* * * LOW HITPOINT WARNING * * *
The bennu claws you!
* * * LOW HITPOINT WARNING * * *
The bennu claws you.
* * * LOW HITPOINT WARNING * * *
The emperor scorpion is engulfed in blazing flames.
The emperor scorpion stings you.
The emperor scorpion claws you but does no damage. x2
The greater mummy is engulfed in blazing flames.
The greater mummy closely misses you.
The emperor scorpion is engulfed in blazing flames.
You block the emperor scorpion's attack.
The emperor scorpion claws you but does no damage. x2
The death scarab is engulfed in blazing flames. x2
The bennu pecks you!
You die...

*#s.§s^.# (..$$$$ * * ,
#..§§.§.#...$($$$$.#. ,
#§§§)§.#....$)$$$$$.##*
....§.s)§......$$$[($$..
......†..§☼.§§§§§§§/$$$.
..#.../s.§§.§§§§☼§§☼$$($
..#......#§.§§§§$§§§$$)$*
.#......§##§.○°sb°$$=$$$
#..Msss.#§§M§§M8s§.|$$)*
*#..M..!!s...ss§§§§.^.$$
* ,..s.. ..#.§§§§§§..)$.
, , ....#§§§§§..$$. , , ,
... #..§§§..$..* ,, , ..
,§##§§§.##.# , .
§§*..#... *# , ,,, §§§
......#* , ,, ,, , , , ,
,


You could see a greater mummy, 2 emperor scorpions, a bennu, a guardian mummy
and 3 death scarabs.

Vanquished Creatures
  the Royal Jelly (Slime:5)
  2 ancient liches
  16 greater mummies
  Boris (Vaults:4)
  Frederick (Tomb:2)
  the Lernaean hydra (Swamp:4)
  Xtahua (Vaults:4)
  A golden dragon (Vaults:5)
  3 tentacled monstrosities (Vaults:5)
  A titan (Vaults:5)
  2 deep elf blademasters
  4 liches
  9 acid blobs
  7 ancient champions
  2 deep elf master archers (Elf:3)
  2 sphinxes (Crypt:3)
  Gastronok (D:12)
  2 thorn hunters
  6 shadow dragons (Vaults:5)
  4 tengu reavers
  2 fire giants (Vaults:5)
  11 azure jellies
  4 nagarajas (Snake:4)
  2 revenants
  2 deep elf sorcerers
  10 vault wardens
  2 deep elf elementalists (Elf:3)
  3 curse skulls
  11 ironheart preservers
  2 war gargoyles
  A reaper (Crypt:2)
  2 very ugly things (Vaults:5)
  4 stone giants
  4 vampire knights
  9 bennus
  Azrael (D:12)
  3 deep elf demonologists
  3 deep elf annihilators (Elf:3)
  A dire elephant (Lair:6)
  2 eidola
  Snorg (Lair:6)
  6 deep elf death magi
  9 ettins (Vaults:5)
  Josephine (D:10)
  13 mummy priests
  5 deep elf high priests
  3 death oozes
  5 great orbs of eyes
  2 rakshasas (Vaults:3)
  3 jiangshi (Crypt:2)
  18 hydras
  6 naga warriors
  27 vault guards
  13 yaktaur captains
  2 ghost crabs (Swamp:4)
  A merfolk avatar (Lair:6)
  5 death knights
  3 centaur warriors
  2 shambling mangroves (Swamp:4)
  8 two-headed ogres
  2 alligators
  7 anacondas
  4 ogre magi
  Erica (D:8)
  5 death yaks (Lair:6)
  14 naga sharpshooters
  13 dancing weapons
  41 death scarabs
  Urug (D:11)
  5 vampire magi
  A small abomination (Elf:3)
  4 orc high priests (Orc:2)
  Sonja (D:10)
  8 shock serpents
  20 deep elf knights
  Nergalle (D:11)
  A shadow wraith (Crypt:2)
  A sea snake (shapeshifter) (Vaults:5)
  25 skeletal warriors
  An unseen horror (shapeshifter) (Vaults:2)
  4 spriggan druids
  2 naga ritualists (Snake:4)
  11 sea snakes
  A glowing orange brain (Slime:3)
  16 flayed ghosts
  2 deep trolls (Vaults:5)
  5 harpies (Vaults:4)
  An iron giant skeleton (Crypt:2)
  9 swamp dragons
  15 phantasmal warriors
  A harpy (shapeshifter) (Vaults:3)
  2 wizards (Vaults:3)
  A necromancer (Vaults:4)
  5 ironbrand convokers
  An orb spider (shapeshifter) (Elf:2)
  Pikel (D:6)
  8 deep elf archers
  8 orc knights
  5 orc sorcerers
  A wolf spider (Vaults:2)
  60 deep elf magi
  A mana viper (Snake:2)
  14 ugly things
  4 cyclopes
  6 shining eyes
  4 salamanders (Snake:1)
  An oklob plant (Lair:1)
  A cyclops (shapeshifter) (Vaults:3)
  An eye of devastation (Slime:4)
  Maurice (D:8)
  7 elephants
  A frost giant skeleton (Tomb:1)
  16 black mambas
  A fire giant skeleton (Crypt:3)
  An ice statue (Lair:5)
  2 torpor snails
  A guardian serpent (shapeshifter) (Vaults:3)
  5 guardian serpents
  7 vault sentinels
  A black mamba (shapeshifter) (Vaults:3)
  5 gargoyles
  8 naga magi
  Joseph (D:8)
  13 cane toads
  3 centaur skeletons
  A yaktaur (shapeshifter) (Elf:2)
  29 yaktaurs
  6 rime drakes
  An efreet (D:13)
  An anaconda simulacrum (Tomb:3)
  9 freezing wraiths
  5 komodo dragons
  36 guardian mummies
  4 polar bears
  5 trolls
  A troll (shapeshifter) (Vaults:2)
  A merfolk (shapeshifter) (Elf:3)
  An iron troll skeleton (Crypt:1)
  A wind drake (shapeshifter) (Elf:1)
  A wolf spider simulacrum (Tomb:3)
  14 hornets
  2 wind drakes (Lair:6)
  14 blink frogs
  A hydra skeleton (Crypt:3)
  5 bog bodies
  52 slime creatures
  5 tyrant leeches
  2 ettin zombies (Tomb:1)
  11 hippogriffs
  2 stone giant simulacra
  5 air elementals
  An ettin skeleton (Crypt:3)
  A yak (shapeshifter) (Elf:2)
  A vampire (D:12)
  5 wyverns
  13 wraiths
  48 yaks
  7 shadows
  7 ushabtiu
  Eustachio (D:6)
  4 fire elementals
  2 golden eyes (Slime:5)
  7 vampire mosquitoes
  A hog (shapeshifter) (Vaults:5)
  8 spriggans
  A two-headed ogre zombie (Crypt:1)
  Menkaure (D:7)
  2 wargs
  2 acid dragons (Vaults:2)
  10 swamp worms
  8 insubstantial wisps
  29 nagas
  A soldier ant (D:10)
  2 swamp worms (shapeshifter)
  A floating eye (Slime:2)
  10 porcupines
  A cane toad skeleton (Crypt:3)
  4 hell hounds (D:12)
  A human zombie (Vaults:4)
  12 swamp drakes
  3 black bears
  9 ice beasts
  9 water moccasins
  28 orc warriors
  2 phantoms
  5 eyes of draining
  3 necrophages
  8 boggarts
  An ettin simulacrum (Vaults:4)
  17 ogres
  3 wolves (Lair:5)
  A snapping turtle skeleton (Crypt:3)
  10 centaurs
  A lemure (D:6)
  10 crocodiles
  A crocodile (shapeshifter) (Vaults:3)
  A big kobold (D:10)
  A palentonga zombie (Crypt:2)
  25 bullfrogs
  An earth elemental (Elf:2)
  2 gnoll sergeants
  A human simulacrum (Vaults:4)
  2 wyvern zombies
  3 scorpions
  3 killer bees (D:7)
  14 wights
  5 howler monkeys
  3 centaur zombies
  2 quasits
  2 bullfrog zombies
  6 jellies
  3 hounds
  19 orc priests
  Crazy Yiuf (D:5)
  38 orc wizards
  4 iguanas
  A hell rat (Lair:2)
  7 worker ants
  A tengu skeleton (Crypt:3)
  An acid dragon skeleton (Crypt:2)
  2 hound skeletons
  31 mummies
  A worker ant zombie (D:9)
  A howler monkey zombie (Crypt:1)
  Robin (D:2)
  13 gnolls
  13 adders
  2 howler monkey skeletons
  3 white imps
  An ooze (Lair:5)
  An ufetubus (D:6)
  An adder zombie (D:8)
  An adder skeleton (D:8)
  4 worms
  A barachi skeleton (Crypt:2)
  2 dart slugs (D:1)
  2 leopard geckos
  95 orcs
  2 ball pythons
  5 giant cockroaches
  16 goblins
  14 hobgoblins
  21 jackals
  6 quokkas
  11 bats
  2 dart slug zombies (Crypt:2)
  3 frilled lizards
  A frilled lizard (shapeshifter) (Elf:3)
  A frilled lizard zombie (Crypt:2)
  9 kobolds
  A quokka skeleton (D:4)
  8 rats
  12 briar patches (Swamp:3)
1649 creatures vanquished.

Vanquished Creatures (collateral kills)
  A deep elf blademaster (Elf:3)
  A titan (Vaults:5)
  4 acid blobs
  An ancient champion (Tomb:2)
  Frances (Swamp:1)
  A storm dragon (Vaults:5)
  3 azure jellies (Slime:5)
  A deep elf sorcerer (Elf:3)
  2 deep elf elementalists (Elf:3)
  5 deep elf annihilators (Elf:3)
  2 deep elf high priests (Elf:3)
  2 deep elf death magi (Elf:3)
  3 death oozes (Slime:5)
  A great orb of eyes (Slime:5)
  2 naga warriors (Snake:4)
  A hydra (Swamp:1)
  6 dancing weapons (Elf:2)
  2 anacondas
  3 death yaks (Lair:6)
  A death scarab (Tomb:3)
  3 naga sharpshooters (Snake:4)
  2 small abominations (Elf:3)
  A skeletal warrior (Tomb:1)
  A golden dragon zombie (Tomb:1)
  A naga ritualist (Snake:3)
  A harpy (shapeshifter) (Elf:2)
  A mana viper (Snake:3)
  2 deep elf magi
  2 black mambas
  A guardian serpent (Snake:4)
  A naga mage (Snake:4)
  A freezing wraith (Vaults:5)
  A guardian mummy (Tomb:2)
  6 slime creatures (Slime:5)
  2 ushabtiu (Tomb:1)
  3 golden eyes (Slime:5)
  A fire elemental (Elf:3)
  7 nagas (Snake:4)
  An eye of draining (Slime:5)
81 creatures vanquished.

Vanquished Creatures (others)
  A shadow wraith (Vaults:4)
  A golden eye (Slime:5)
  23 fungi
  25 plants
  25 withered plants (Crypt:3)
75 creatures vanquished.

Grand Total: 1805 creatures vanquished

Notes
Turn   | Place    | Note
-------+----------+-------------------------------------------
     0 | D:1      | Irenicus the Deep Dwarf Earth Elementalist began the quest
                  | for the Orb.
     0 | D:1      | Reached XP level 1. HP: 15/15 MP: 3/3
    82 | D:1      | Reached XP level 2. HP: 20/22 MP: 0/4
   112 | D:1      | Reached skill level 5 in Earth Magic
   290 | D:2      | Noticed an ogre
   335 | D:2      | Killed an ogre
   335 | D:2      | Reached skill level 7 in Earth Magic
   335 | D:2      | Reached XP level 3. HP: 12/28 MP: 0/5
   335 | D:2      | Reached XP level 4. HP: 15/36 MP: 0/6
   382 | D:2      | Found a burning altar of Makhleb.
   388 | D:2      | Became a worshipper of Makhleb the Destroyer
   396 | D:2      | Makhleb T400 / 60 ish stones
   423 | D:2      | Noticed Robin
   447 | D:2      | Killed Robin
   586 | D:2      | Reached XP level 5. HP: 13/42 MP: 5/7
   668 | D:1      | Learned a level 2 spell: Passwall
   847 | D:1      | You fall into a shaft and drop 1 floor!
   920 | D:2      | Found a shimmering altar of Xom.
   978 | D:2      | Found a stormy altar of Qazlal.
  1033 | D:2      | lol, 2 ring of MP+9 at D2 + Mak
  1041 | D:2      | Reached * piety under Makhleb
  1236 | D:1      | Reached skill level 8 in Earth Magic
  1716 | D:3      | Found a shadowy altar of Dithmenos.
  1768 | D:4      | Reached ** piety under Makhleb
  1822 | D:4      | Reached skill level 9 in Earth Magic
  1822 | D:4      | Reached XP level 6. HP: 35/49 MP: 8/8
  1996 | D:4      | Reached skill level 10 in Earth Magic
  2128 | D:5      | Entered Level 5 of the Dungeon
  2130 | D:5      | Found a hide-covered altar of Uskayaw.
  2191 | D:5      | Reached XP level 7. HP: 55/55 MP: 9/9
  2204 | D:5      | Found an opulent altar of Gozag.
  2205 | D:5      | Found a glowing silver altar of Zin.
  2216 | D:5      | Reached skill level 11 in Earth Magic
  2293 | D:5      | Found a runed translucent door.
  2294 | D:5      | Noticed Crazy Yiuf
  2300 | D:5      | Killed Crazy Yiuf
  2345 | D:5      | Found a sparkling altar of Nemelex Xobeh.
  2360 | D:5      | Reached skill level 12 in Earth Magic
  2388 | D:5      | Reached *** piety under Makhleb
  2421 | D:5      | Reached XP level 8. HP: 62/62 MP: 10/10
  2443 | D:5      | clever at 4 and 8
  2450 | D:6      | Found a glowing golden altar of the Shining One.
  2451 | D:6      | Found Emunk's Weapon Shop.
  2464 | D:6      | Reached skill level 13 in Earth Magic
  2476 | D:6      | Bought 24 stones for 28 gold pieces
  2501 | D:6      | Learned a level 3 spell: Stone Arrow
  2510 | D:6      | Reached skill level 1 in Conjurations
  2512 | D:6      | Noticed Pikel
  2527 | D:6      | Killed Pikel
  2527 | D:6      | Reached skill level 3 in Conjurations
  2527 | D:6      | Reached skill level 14 in Earth Magic
  2527 | D:6      | Gained mutation: You passively map the area around you.
                  | [Deep Dwarf growth]
  2527 | D:6      | Reached XP level 9. HP: 68/68 MP: 1/11
  2547 | D:6      | Reached skill level 2 in Spellcasting
  2547 | D:6      | Reached skill level 1 in Evocations
  2598 | D:6      | Found a staircase to the Ecumenical Temple.
  2678 | D:6      | Learned a level 5 spell: Lee's Rapid Deconstruction
  2698 | D:6      | Reached skill level 3 in Spellcasting
  2714 | D:6      | Noticed Eustachio
  2718 | D:6      | Killed Eustachio
  2748 | D:7      | Found the ring of Shadows {Umbra +Inv Stlth+}
  2749 | D:7      | Irenicus: ?? ring of shadow
  2749 | D:7      | beem: ring of shadow ~ ring of shadows[1/1]: Unrandart ring
                  | with {Umbra +Inv Stlth+}. Surrounds you in a 3-square
                  | radius {umbra}, increasing your stealth and reducing the
                  | accuracy of everyone (including yourself) attacking in or
                  | out of the umbra. Roughly the same as +3-5 EV. Yred/Dith
                  | followers, including profane servitors, are immune to the
                  | accuracy penalty. Halo and umbra cancel each other on
  2749 | D:7      | beem: overlapping squares.
  2877 | D:7      | Noticed Menkaure
  2881 | D:7      | Killed Menkaure
  2881 | D:7      | Reached skill level 4 in Spellcasting
  3180 | D:7      | Reached **** piety under Makhleb
  3180 | D:7      | Reached skill level 5 in Spellcasting
  3334 | D:8      | Reached skill level 6 in Spellcasting
  3368 | D:8      | Noticed a two-headed ogre
  3377 | D:8      | Noticed Joseph
  3378 | D:8      | Killed a two-headed ogre
  3378 | D:8      | Reached skill level 7 in Spellcasting
  3378 | D:8      | Reached XP level 10. HP: 74/75 MP: 4/20
  3403 | D:8      | Killed Joseph
  3411 | D:8      | Reached skill level 8 in Spellcasting
  3485 | D:8      | Found a blossoming altar of Fedhas.
  3487 | D:8      | Noticed Erica
  3494 | D:8      | Reached skill level 2 in Evocations
  3496 | D:8      | Reached skill level 3 in Evocations
  3540 | D:8      | Reached skill level 4 in Evocations
  3628 | D:8      | Reached skill level 5 in Evocations
  3637 | D:8      | Found a broken altar of Ashenzari.
  3637 | D:8      | Found a stormy altar of Qazlal.
  3699 | D:8      | Killed Erica
  3699 | D:8      | Reached skill level 7 in Evocations
  3791 | D:8      | Noticed Maurice
  3808 | D:8      | Killed Maurice
  3808 | D:8      | Reached skill level 8 in Evocations
  3855 | D:8      | Found Odaig's Armour Boutique.
  3879 | D:8      | Reached skill level 9 in Evocations
  3911 | D:8      | Reached ***** piety under Makhleb
  3995 | D:9      | Reached skill level 1 in Armour
  4030 | D:9      | Reached skill level 1 in Fighting
  4055 | D:9      | Found a radiant altar of Vehumet.
  4116 | D:9      | Reached skill level 3 in Dodging
  4118 | D:9      | Reached skill level 2 in Armour
  4166 | D:9      | Found an iron altar of Okawaru.
  4335 | D:9      | Reached XP level 11. HP: 84/84 MP: 2/23
  4419 | D:9      | Found a staircase to the Orcish Mines.
  4424 | D:9      | Reached skill level 3 in Armour
  4508 | D:10     | Entered Level 10 of the Dungeon
  4508 | D:10     | Found Keipusch's Antique Armour Boutique.
  4516 | D:10     | Found a staircase to the Lair.
  4520 | D:10     | Bought a pair of slimy boots for 199 gold pieces
  4525 | D:10     | Identified the +2 pair of boots of Mushrec {Int+3} (You
                  | bought it in a shop on level 10 of the Dungeon)
  4552 | D:10     | Got an ichor-stained hand crossbow
  4552 | D:10     | Identified the +9 hand crossbow of Quantum Leap {freeze,
                  | *Corrode *Slow Int+2 Dex+8} (You found it on level 10 of
                  | the Dungeon)
  4639 | D:10     | Reached skill level 15 in Earth Magic
  4736 | D:10     | Noticed Sonja
  4747 | D:10     | Killed Sonja
  4773 | D:10     | Noticed Josephine
  4779 | D:10     | Reached skill level 10 in Evocations
  4783 | D:10     | Killed Josephine
  4783 | D:10     | Reached skill level 11 in Evocations
  4908 | D:10     | Found Kifou's Distillery.
  4916 | D:10     | Bought a potion of brilliance for 52 gold pieces
  4954 | D:10     | Found Uzxel's Assorted Antiques.
  4973 | D:10     | Bought a glowing scarf for 160 gold pieces
  4973 | D:10     | Bought 2 scrolls labeled VYSUYHA JANUMA for 40 gold pieces
  4973 | D:10     | Bought a scroll labeled FOTHRI VUTOD for 20 gold pieces
  5017 | D:10     | Found Beudo's Armour Emporium.
  5154 | D:11     | Noticed Nergalle
  5158 | D:11     | Killed Nergalle
  5158 | D:11     | Reached skill level 12 in Evocations
  5213 | D:11     | Noticed Urug
  5218 | D:11     | Killed Urug
  5261 | D:11     | Reached skill level 13 in Evocations
  5373 | D:11     | Found a hazy altar of Hepliaklqana.
  5487 | D:11     | Paralysed by an orc warrior for 7 turns
  5498 | D:11     | Reached ****** piety under Makhleb
  5638 | D:10     | Reached XP level 12. HP: 91/91 MP: 10/24
  5683 | Orc:1    | Entered Level 1 of the Orcish Mines
  5738 | Orc:1    | You fall into a shaft and drop 1 floor!
  5738 | Orc:2    | Entered Level 2 of the Orcish Mines
  5927 | Orc:1    | Noticed an orc high priest
  5935 | Orc:2    | Killed an orc high priest
  5935 | Orc:2    | Reached skill level 9 in Spellcasting
  6033 | Orc:2    | Found a staircase to the Elven Halls.
  6248 | Orc:2    | Noticed an orc high priest
  6258 | Orc:2    | Killed an orc high priest
  6258 | Orc:2    | Reached skill level 10 in Spellcasting
  6297 | Orc:2    | Noticed an orc high priest
  6315 | Orc:2    | Noticed an orc high priest
  6323 | Orc:2    | Killed an orc high priest
  6330 | Orc:2    | Killed an orc high priest
  6334 | Orc:2    | Reached skill level 11 in Spellcasting
  6336 | Orc:2    | Found Imaryivi's Distillery.
  6336 | Orc:2    | Found Uxekasym's Magic Scroll Shoppe.
  6338 | Orc:2    | Found Xeuduroa's Antique Armour Shop.
  6338 | Orc:2    | Found Ympit's Armour Shoppe.
  6352 | Orc:2    | Bought the +2 buckler of Raenocel {rF++ rN+ Regen+} for 518
                  | gold pieces
  6455 | Orc:1    | Reached skill level 1 in Shields
  6678 | Lair:1   | Entered Level 1 of the Lair of Beasts
  6683 | Lair:1   | Reached skill level 2 in Shields
  6860 | Lair:1   | Reached skill level 3 in Shields
  6953 | Lair:1   | Reached skill level 4 in Shields
  7071 | Lair:2   | Found a staircase to the Swamp.
  7191 | Lair:2   | Reached XP level 13. HP: 91/97 MP: 17/28
  7250 | Lair:2   | Reached skill level 12 in Spellcasting
  7377 | Lair:2   | Reached skill level 16 in Earth Magic
  7475 | Lair:2   | Got a heavily runed granite ring
  7477 | Lair:2   | Identified the ring of Suspected Treachery {rElec Int+2
                  | Dex-5 SInv Stlth-} (You found it on level 2 of the Lair of
                  | Beasts)
  7913 | Lair:4   | Reached skill level 17 in Earth Magic
  7915 | Lair:4   | Found a staircase to the Snake Pit.
  8336 | Lair:5   | Found a runed translucent door.
  8339 | Lair:5   | Found a viscous altar of Jiyva.
  8340 | Lair:5   | Found a staircase to the Slime Pits.
  8358 | Lair:5   | You fall into a shaft and drop 1 floor!
  8358 | Lair:6   | Entered Level 6 of the Lair of Beasts
  8435 | Lair:6   | Reached skill level 18 in Earth Magic
  8669 | Lair:5   | Reached skill level 19 in Earth Magic
  8752 | Lair:5   | Gained mutation: You resist negative energy. (rN+) [Deep
                  | Dwarf growth]
  8752 | Lair:5   | Reached XP level 14. HP: 105/105 MP: 22/30
  8939 | Lair:6   | Reached skill level 20 in Earth Magic
  8983 | Lair:6   | Reached skill level 4 in Dodging
  9099 | Lair:6   | Reached skill level 4 in Armour
  9152 | Lair:6   | Noticed Snorg
  9159 | Lair:6   | Killed Snorg
  9169 | Lair:6   | Found a runed translucent gate.
  9169 | Lair:6   | Found a runed translucent gate.
  9169 | Lair:6   | Found a runed translucent gate.
  9173 | Lair:6   | Noticed walterwhite's ghost (journeyman MiFi)
  9175 | Lair:6   | Found a viscous altar of Jiyva.
  9203 | Lair:6   | Reached skill level 5 in Dodging
  9215 | Lair:6   | Reached skill level 5 in Armour
  9238 | Lair:6   | Acquired Itwoeggi's Tome of Evil Attacks
  9240 | Lair:6   | Acquired the ring "Iresm" {rPois rC+ MR- Str+4 Int+4 SInv}
  9272 | Lair:5   | Learned a level 5 spell: Borgnjor's Vile Clutch
  9275 | Lair:5   | Learned a level 2 spell: Sublimation of Blood
  9433 | D:10     | Bought a scarf of resistance for 448 gold pieces
  9507 | Elf:1    | Entered Level 1 of the Elven Halls
  9515 | Elf:1    | Reached skill level 1 in Necromancy
  9528 | Elf:1    | Reached skill level 2 in Necromancy
  9579 | Elf:1    | Reached skill level 3 in Necromancy
  9589 | Elf:1    | Reached skill level 4 in Necromancy
  9591 | Elf:1    | Noticed a deep elf sorcerer
  9593 | Elf:1    | Killed a deep elf sorcerer
  9593 | Elf:1    | Reached skill level 5 in Necromancy
  9599 | Elf:1    | Reached skill level 6 in Necromancy
  9607 | Elf:1    | Identified the Incunabulum of Confrontation
  9740 | Elf:1    | You fall into a shaft and drop 1 floor!
  9745 | Elf:2    | Reached skill level 7 in Necromancy
  9787 | Elf:2    | Reached skill level 8 in Necromancy
  9936 | Elf:1    | Reached XP level 15. HP: 111/111 MP: 10/31
  9981 | Elf:1    | Reached skill level 9 in Necromancy
 10137 | Elf:2    | Found a portal to a secret trove of treasure.
 10236 | Elf:2    | Reached skill level 10 in Necromancy
 10274 | Elf:2    | Found a runed translucent gate.
 10283 | Elf:2    | Found a runed translucent gate.
 10283 | Elf:2    | Found a runed translucent gate.
 10333 | Elf:2    | Reached skill level 11 in Necromancy
 10459 | Elf:3    | Entered Level 3 of the Elven Halls
 10595 | Elf:3    | Reached skill level 12 in Necromancy
 10719 | Elf:3    | Noticed a deep elf blademaster
 10726 | Elf:3    | Killed a deep elf blademaster
 10726 | Elf:3    | Reached skill level 13 in Necromancy
 10726 | Elf:3    | Noticed a deep elf master archer
 10728 | Elf:3    | Noticed a deep elf blademaster
 10730 | Elf:3    | Noticed a deep elf sorcerer
 10732 | Elf:3    | Killed a deep elf blademaster
 10735 | Elf:3    | Killed a deep elf master archer
 10735 | Elf:3    | Killed a deep elf sorcerer
 10735 | Elf:3    | Reached skill level 14 in Necromancy
 10739 | Elf:3    | Noticed a deep elf master archer
 10747 | Elf:3    | Noticed a deep elf sorcerer
 10748 | Elf:3    | Killed a deep elf master archer
 10750 | Elf:3    | Killed a deep elf sorcerer
 10751 | Elf:3    | Reached skill level 14 in Evocations
 10760 | Elf:3    | Reached XP level 16. HP: 118/118 MP: 4/32
 10863 | Elf:3    | Reached skill level 15 in Evocations
 10867 | Elf:3    | Identified the +8 long sword of the Pillar {vorpal, +Rage
                  | rF++ MR+}
 10867 | Elf:3    | Identified the ring "Jiove" {Ice rN+ Slay+2}
 10904 | Elf:3    | Identified the Catalogue of Toxic Calling
 10907 | Elf:3    | Got a buzzing war axe
 10908 | Elf:3    | Identified the +2 war axe of Revolt {elec, Str+3 Dex+6}
                  | (You found it on level 3 of the Elven Halls)
 10913 | Elf:3    | Identified the Handbook of Quantum Lightness
 10970 | Elf:3    | Identified the amulet of Gaseow {Reflect Int+5 SH+5}
 10975 | Elf:3    | Noticed an Executioner
 11252 | Elf:2    | Noticed a deep elf blademaster
 11266 | Elf:2    | Killed a deep elf blademaster
 11266 | Elf:2    | Reached skill level 16 in Evocations
 11331 | Elf:2    | Reached skill level 17 in Evocations
 11620 | D:9      | Learned a level 9 spell: Shatter
 11753 | Snake:1  | Entered Level 1 of the Snake Pit
 12056 | Snake:1  | Reached skill level 21 in Earth Magic
 12261 | Snake:3  | Found Lyetuub's General Store.
 12294 | Snake:4  | Entered Level 4 of the Snake Pit
 12319 | Snake:4  | Reached XP level 17. HP: 109/124 MP: 9/33
 12331 | Snake:4  | Reached skill level 22 in Earth Magic
 12340 | Snake:4  | HP: 26/124 [naga sharpshooter/arrow (9)]
 12515 | Snake:4  | Reached skill level 23 in Earth Magic
 12530 | Snake:4  | Got a serpentine rune of Zot
 12820 | Swamp:1  | Entered Level 1 of the Swamp
 12912 | Swamp:1  | Noticed Frances
 12923 | Swamp:1  | Killed Frances
 12923 | Swamp:1  | Reached skill level 24 in Earth Magic
 13034 | Swamp:1  | Identified the +8 chain mail of Agump {Int+5 Slay+2} (You
                  | found it on level 1 of the Swamp)
 13168 | Swamp:4  | Entered Level 4 of the Swamp
 13291 | Swamp:4  | Reached skill level 25 in Earth Magic
 13291 | Swamp:4  | Gained mutation: You passively map a large area around you.
                  | [Deep Dwarf growth]
 13291 | Swamp:4  | Reached XP level 18. HP: 127/132 MP: 20/34
 13334 | Swamp:4  | Noticed the 27-headed Lernaean hydra
 13342 | Swamp:4  | Killed the 27-headed Lernaean hydra
 13393 | Swamp:4  | Got a decaying rune of Zot
 13694 | Slime:1  | Entered Level 1 of the Pits of Slime
 13694 | Slime:1  | Found a viscous altar of Jiyva.
 13766 | Slime:2  | Reached skill level 26 in Earth Magic
 13955 | Snake:3  | Bought a tin of tremorstones (3/3) for 640 gold pieces
 14085 | Slime:3  | Gained mutation: Your body sometimes deteriorates upon
                  | taking damage. [a shining eye]
 14119 | Slime:4  | HP: 33/132 [death ooze (12)]
 14120 | Slime:4  | Reached skill level 27 in Earth Magic
 14138 | Slime:4  | Gained mutation: Your spells are a little easier to cast,
                  | but a little less powerful. [a shining eye]
 14195 | Slime:5  | Entered Level 5 of the Pits of Slime
 14200 | Slime:5  | Gained mutation: Your spells are easier to cast, but less
                  | powerful. [a shining eye]
 14201 | Slime:5  | Gained mutation: You are weak. (Str -2) [a shining eye]
 14242 | Slime:5  | Noticed the Royal Jelly
 14251 | Slime:5  | HP: 31/132 [azure jelly[the Royal Jelly] (5)]
 14256 | Slime:5  | Killed the Royal Jelly
 14256 | Slime:5  | Reached skill level 13 in Spellcasting
 14281 | Slime:5  | Reached XP level 19. HP: 107/138 MP: 16/36
 14327 | Slime:5  | HP: 33/138 [azure jelly[the Royal Jelly] (9)]
 14331 | Slime:5  | Paralysed by a great orb of eyes for 3 turns
 14342 | Slime:5  | Got a slimy rune of Zot
 14397 | Slime:5  | Identified the Guide on Displacement
 14442 | Slime:5  | Got a scorched lead ring
 14448 | Slime:5  | Identified the ring "Enenn" {rElec rC+ SInv Stlth-} (You
                  | found it on level 5 of the Pits of Slime)
 14507 | Slime:2  | Paralysed by a floating eye for 3 turns
 14642 | D:10     | Bought a potion of heal wounds for 65 gold pieces
 14642 | D:10     | Bought a potion of magic for 104 gold pieces
 14642 | D:10     | Bought a potion of heal wounds for 65 gold pieces
 14642 | D:10     | Bought a potion of magic for 104 gold pieces
 14642 | D:10     | Bought a potion of magic for 104 gold pieces
 14691 | D:12     | Noticed Gastronok
 14692 | D:12     | Killed Gastronok
 14763 | D:12     | Learned a level 6 spell: Statue Form
 14803 | D:12     | Noticed Azrael
 14812 | D:12     | Killed Azrael
 14837 | D:12     | Got a shimmering short sword
 14838 | D:12     | Identified the +5 short sword of Burning Gallantry {elec,
                  | +Inv} (You found it on level 12 of the Dungeon)
 15308 | D:14     | Reached skill level 14 in Spellcasting
 15332 | D:14     | Found a gate to the Vaults.
 15351 | Vaults:1 | Entered Level 1 of the Vaults
 15500 | Vaults:3 | Reached skill level 15 in Spellcasting
 15569 | Vaults:3 | Found Wizaefott's General Store.
 15649 | Vaults:4 | Noticed Boris
 15655 | Vaults:4 | Killed Boris
 15664 | Vaults:4 | Reached skill level 16 in Spellcasting
 15665 | Vaults:4 | Noticed Xtahua
 15665 | Vaults:4 | Reached XP level 20. HP: 141/145 MP: 34/40
 15675 | Vaults:4 | Killed Xtahua
 15729 | Vaults:4 | Lost mutation: Your body sometimes deteriorates upon taking
                  | damage. [potion of mutation]
 15729 | Vaults:4 | Lost mutation: Your spells are easier to cast, but less
                  | powerful. [potion of mutation]
 15729 | Vaults:4 | Gained mutation: You are frail. (-10% HP) [potion of
                  | mutation]
 15729 | Vaults:4 | Lost mutation: Your spells are a little easier to cast, but
                  | a little less powerful. [potion of mutation]
 15729 | Vaults:4 | Gained mutation: You have a somewhat thin skeletal
                  | structure. (Dex +2, Stealth) [potion of mutation]
 15730 | Vaults:4 | Lost mutation: You are frail. (-10% HP) [potion of
                  | mutation]
 15730 | Vaults:4 | Lost mutation: You are weak. (Str -2) [potion of mutation]
 15730 | Vaults:4 | Lost mutation: You have a somewhat thin skeletal structure.
                  | (Dex +2, Stealth) [potion of mutation]
 15730 | Vaults:4 | Gained mutation: Armour fits poorly on your strangely
                  | shaped body. [potion of mutation]
 15730 | Vaults:4 | Gained mutation: You have a pair of small horns on your
                  | head. [potion of mutation]
 15730 | Vaults:4 | Gained mutation: You have large cloven feet. [potion of
                  | mutation]
 15731 | Vaults:4 | Lost mutation: Armour fits poorly on your strangely shaped
                  | body. [potion of mutation]
 15731 | Vaults:4 | Lost mutation: You have a pair of small horns on your head.
                  | [potion of mutation]
 15731 | Vaults:4 | Lost mutation: You have large cloven feet. [potion of
                  | mutation]
 15731 | Vaults:4 | Gained mutation: Your system is resistant to poisons.
                  | (rPois) [potion of mutation]
 15731 | Vaults:4 | Gained mutation: You are resistant to hostile enchantments.
                  | (MR+) [potion of mutation]
 15731 | Vaults:4 | Gained mutation: You occasionally shout uncontrollably at
                  | your foes. [potion of mutation]
 15731 | Vaults:4 | Gained mutation: You have a pair of small antennae on your
                  | head. [potion of mutation]
 15733 | Vaults:5 | Entered Level 5 of the Vaults
 15741 | Vaults:5 | Reached skill level 17 in Spellcasting
 15759 | Vaults:5 | Identified the +6 glaive "Xikip" {spect, SInv}
 15760 | Vaults:5 | Identified the +6 glaive "Xikip" {spect, SInv}
 15762 | Vaults:5 | Noticed an ancient lich
 15763 | Vaults:5 | Reached skill level 18 in Spellcasting
 15764 | Vaults:5 | Noticed a golden dragon
 15766 | Vaults:5 | Killed an ancient lich
 15768 | Vaults:5 | Reached XP level 21. HP: 151/151 MP: 25/43
 15770 | Vaults:5 | Killed a golden dragon
 15778 | Vaults:5 | Reached skill level 19 in Spellcasting
 15920 | Vaults:5 | Got a coiled silver ring
 15922 | Vaults:5 | Identified the ring of the Genius {rF+ SInv} (You found it
                  | on level 5 of the Vaults)
 15928 | Vaults:5 | Got a silver rune of Zot
 15970 | Vaults:5 | Identified the Papyrus of Intoxication and Darkness
 15980 | Vaults:5 | Identified Ettik's Reference Book on Flying Combat Magic
 16051 | Vaults:5 | Identified the Handbook of Supportive Displacement
 16076 | Vaults:5 | Learned a level 1 spell: Apportation
 16108 | Vaults:5 | Identified the +6 trident "Elelituv" {protect, +Blink rF-
                  | Str+5}
 16259 | Vaults:2 | Found a staircase to the Crypt.
 16306 | Crypt:1  | Entered Level 1 of the Crypt
 16347 | Crypt:1  | Reached skill level 20 in Spellcasting
 16535 | Crypt:3  | Entered Level 3 of the Crypt
 16555 | Crypt:3  | Reached XP level 22. HP: 131/158 MP: 19/46
 16623 | Crypt:3  | HP: 35/158 [flayed ghost/flay_damage (8)]
 16729 | Crypt:3  | Reached skill level 21 in Spellcasting
 16755 | Crypt:3  | Found a staircase to the Tomb.
 16755 | Crypt:3  | Noticed an ancient lich
 16759 | Crypt:3  | Killed an ancient lich
 16766 | Crypt:3  | Identified Cigotuvi's Tome of Necromancy
 16772 | Tomb:1   | Entered Level 1 of the Tomb of the Ancients
 16791 | Tomb:1   | Noticed a greater mummy
 16791 | Tomb:1   | Noticed a greater mummy
 16792 | Tomb:1   | Noticed a greater mummy
 16794 | Tomb:1   | Noticed a greater mummy
 16798 | Tomb:1   | Killed a greater mummy
 16798 | Tomb:1   | Killed a greater mummy
 16798 | Tomb:1   | Reached skill level 15 in Necromancy
 16801 | Tomb:1   | Killed a greater mummy
 16801 | Tomb:1   | Killed a greater mummy
 16803 | Tomb:1   | Noticed a greater mummy
 16815 | Tomb:1   | Killed a greater mummy
 16815 | Tomb:1   | Reached skill level 16 in Necromancy
 16817 | Tomb:1   | HP: 35/158 [??? (15)]
 16819 | Tomb:1   | HP: 14/158 [golden dragon zombie (16)]
 16838 | Tomb:1   | Noticed a greater mummy
 16839 | Tomb:1   | Noticed a greater mummy
 16842 | Tomb:1   | HP: 49/205 [ettin zombie (17)]
 16845 | Tomb:1   | Killed a greater mummy
 16847 | Tomb:1   | Noticed a greater mummy
 16848 | Tomb:1   | Killed a greater mummy
 16853 | Tomb:1   | HP: 42/205 [greater mummy/divine providence (12)]
 16857 | Tomb:1   | Killed a greater mummy
 16892 | Crypt:3  | Learned a level 6 spell: Iron Shot
 16901 | Crypt:3  | Learned a level 8 spell: Infestation
 16905 | Tomb:1   | Noticed a greater mummy
 16909 | Tomb:1   | Reached skill level 17 in Necromancy
 16916 | Tomb:1   | Killed a greater mummy
 16944 | Tomb:1   | Noticed a greater mummy
 16954 | Tomb:1   | Killed a greater mummy
 17082 | Tomb:2   | Noticed a greater mummy
 17082 | Tomb:2   | Noticed a greater mummy
 17085 | Tomb:2   | Noticed Frederick
 17085 | Tomb:2   | Noticed a greater mummy
 17086 | Tomb:2   | Noticed a greater mummy
 17090 | Tomb:2   | Killed Frederick
 17090 | Tomb:2   | Reached skill level 18 in Necromancy
 17091 | Tomb:2   | Killed a greater mummy
 17091 | Tomb:2   | Reached XP level 23. HP: 164/164 MP: 11/48
 17092 | Tomb:2   | Killed a greater mummy
 17095 | Tomb:2   | Killed a greater mummy
 17099 | Tomb:2   | Killed a greater mummy
 17103 | Tomb:2   | Reached skill level 19 in Necromancy
 17123 | Tomb:2   | Identified the +2 pair of gloves of the Evil One {-Tele
                  | rElec rF+} (You found it on level 2 of the Tomb of the
                  | Ancients)
 17229 | Tomb:2   | Reached skill level 2 in Fighting
 17305 | Tomb:2   | Reached skill level 3 in Fighting
 17328 | Tomb:3   | Entered Level 3 of the Tomb of the Ancients
 17337 | Tomb:3   | Reached skill level 4 in Fighting
 17338 | Tomb:3   | Noticed a greater mummy
 17342 | Tomb:3   | Reached skill level 5 in Fighting
 17345 | Tomb:3   | Noticed a greater mummy
 17345 | Tomb:3   | Noticed a greater mummy
 17346 | Tomb:3   | Reached skill level 6 in Fighting
 17346 | Tomb:3   | Killed a greater mummy
 17348 | Tomb:3   | Reached skill level 7 in Fighting
 17350 | Tomb:3   | Reached skill level 8 in Fighting
 17353 | Tomb:3   | HP: 49/247 [emperor scorpion[a greater mummy] (15)]
 17354 | Tomb:3   | Killed a greater mummy
 17356 | Tomb:3   | HP: 23/250 [emperor scorpion[a greater mummy] (14)]
 17356 | Tomb:3   | HP: 9/250 [bennu (4)]
 17356 | Tomb:3   | Slain by a bennu

Illustrated notes #..##...........### ##..##..#.######.#.# #.......#.# #.... #.≈≈####### * #.... #.≈##§#⌠## #.... #.≈#≈≈§≈≈# ###.# #.≈#§§†.≈##, #.# #.≈#§...≈⌠# #.# #..@.._.≈## #+# ##≈#≈...≈⌠#,* #§#≈...≈## #≈#≈≈≈≈≈# , #≈##⌠#⌠## , , #§≈#####* + ###* * * * , * Turn 396 on D:2: Makhleb T400 / 60 ish stones ###....#≈#.#.## ,,, #####.###### #.##..# * #.##.## , #.....# , ##.##.# ##+## ####.### ##...## #§....# ##...$.## ###.....###...@...## , #...._.............#* #.#.....#+.........+ , #.#....☼##.........# , , #.###.#####...)...##*, #..(..# ##.....## #.##### ##...## , * #.# ##'## #.# #.# ,,,, Turn 1033 on D:2: lol, 2 ring of MP+9 at D2 + Mak

##..###......######..#....#.....
#....#.......## #*#..##.....#.#.
####....†........#.#.........#.#.
#....##.............)†)..........
.....##...........###†###........
#...##.......##.###...# #........
#...........##........###..#.....
##..##.......#........#.#..##....
....##.......#..@...........#....
......#......#...................
.<....#?......................#..
##..........#..............†).#..
#........###..........#.†.†.....
##.......##......................
#...#..#.........................
#...#..#...###..............##...
..........###..#..).#.#....###..#


Turn 2443 on D:5: clever at 4 and 8

Levels and vault maps discovered:
D:1:      shiori_arrival_elements, layout_basic, minmay_three_crescents
D:2:      layout_loops_corners, lightli_temple_of_fire, tgw_xom,
          lemuel_blue_sif_altar, grunt_qazlal_clouds, uniq_robin
D:3:      layout_basic, old_standard_altar, minmay_pentomino_pile
D:4:      layout_basic
D:5:      layout_cave_pools, grunt_temple_overflow_gold_and_silver,
          lemuel_coloured_pillars_altar, eat_drink_and_be_merry_uskayaw,
          uniq_crazy_yiuf_cottage
D:6:      layout_basic, minmay_temple_entry_poolview, serial_shops,
          nicolae_shop_temple_entry_statues_fountains, tso_metal_star,
          uniq_eustachio, uniq_pikel
D:7:      layout_layer_cave, chequers_garden, uniq_menkaure
D:8:      layout_basic, amethyst_overflow_temple_binary, fedhas_altar_3,
          serial_shops, shop, uniq_erica, uniq_joseph, uniq_maurice
D:9:      layout_irregular_city, kennysheep_mini, david_orc_2, okawaru_trees_2
D:10:     layout_loops_ring, lair_entry_dummy, serial_shops,
          nicolae_shop_overgrown_old_shop, shop, shop_fountains, shop,
          uniq_josephine, uniq_sonja
D:11:     layout_cave_pods, basic_altar, uniq_urug, uniq_nergalle
D:12:     layout_basic, uniq_gastronok, uniq_azrael
D:13:     layout_irregular_city, grunt_ogre_cave
D:14:     layout_basic, skrybe_vaults_entry_preservation, serial_park_square3
          [serial_park_minivault_5x5_7], uniq_louise
Lair:1:   layout_regular_city, dpeg_stationary_puzzle
Lair:2:   layout_concentric_octagons, minmay_swamp_entry_worms,
          minmay_shattered_shrine
Lair:3:   layout_cave_pods, grunt_megastairs_1
Lair:4:   layout_roguey, guppyfry_snake_entry_island, grunt_megastairs_4
Lair:5:   layout_cave_pods, slime_altar_2, ice2_lemuel,
          infiniplex_staircase_pool_2, lemuel_fruit_fields
Lair:6:   gammafunk_lair_ancient_temple, layout_regular_city,
          gammafunk_ghost_ooze, grunt_megastairs_2, uniq_snorg
Swamp:1:  layout_basic_swamp, evilmike_swamp_ruin_house_5, uniq_frances
Swamp:2:  layout_falls_marsh, evilmike_swamp_ruin_house_4
Swamp:3:  layout_basic_swamp, evilmike_swamp_ruin_house_2, swamp_pool3
Swamp:4:  swamp_old_school, layout_basic_swamp, swamp_pool5
Snake:1:  layout_onion_interference
Snake:2:  layout_layer_cave
Snake:3:  layout_basic, serial_shops, shop, shop, shop, shop
Snake:4:  grunt_snake_rune_pools, layout_grid_maze
Slime:1:  layout_caves, basic_altar
Slime:2:  layout_caves
Slime:3:  layout_caves, cheibrodos_slime_lost_civilization_4
Slime:4:  layout_caves
Slime:5
Orc:1:    layout_caves
Orc:2:    grunt_orc_tribal_feast, layout_caves, lightli_orcish_oven
Elf:1:    elf_arrival_001, layout_gridlike, minmay_elf_annihilation
Elf:2:    layout_gridlike, nicolae_trove_entry_free_sample,
          kennysheep_underground_church
Elf:3:    minmay_elf_hall_dome, layout_onion_city
Vaults:1: v_rooms_4, vaults_mumra_chevron, nicolae_vaults_little_squares_4,
          hangedman_vaults_slice, serial_ice_g, v_pattern_4,
          vaults_room_semicircle, vaults_room_pool, dpeg_vaults_monster_row,
          vaults_mumra_hex, nicolae_vaults_angled_halls, layout_vaults_big_room
Vaults:2: ontoclasm_vaults_shuriken, v_alt_pattern_4, v_misc_16,
          ontoclasm_vaults_ring_large, minmay_crypt_entry_simple_box,
          nicolae_vaults_ring_of_whatevers, ontoclasm_vaults_idyll,
          layout_vaults_omnigrid
Vaults:3: vaults_standard_mumra_x, vaults_dpeg_cross, v_misc_3,
          nicolae_vaults_little_squares_6, ontoclasm_vaults_bender,
          nicolae_vaults_minivaults, nicolae_vaults_circle_grid_a, v_pattern_3,
          nicolae_vaults_asterisk, nicolae_vaults_stairing_the_circle,
          v_misc_18, v_misc_16, nicolae_vaults_little_squares_4,
          layout_vaults_omnibox, serial_shops, shop
Vaults:4: hangedman_vaults_stretched_pinwheel, vaults_room_corners, v_misc_24,
          ontoclasm_vaults_claustrophobia, nicolae_vaults_branching_niches,
          v_misc_11, ontoclasm_vaults_twist, ontoclasm_vaults_ring_small,
          ontoclasm_vaults_decontamination, layout_vaults_omnicross, uniq_boris,
          uniq_xtahua
Vaults:5
Crypt:1:  layout_catacombs, uniq_jory
Crypt:2:  layout_misc_corridors
Crypt:3:  quadcrypt_mu
Tomb:1
Tomb:2:   uniq_frederick
Tomb:3

Skill      XL: |  1  2  3  4  5  6  7  8  9 10 11 12 13 14 15 16 17 18 19 20 21 22 23 |
---------------+----------------------------------------------------------------------+-----
Earth Magic    | 7 9 10 12 14 15 19 20 21 25 27 | 27.0
Conjurations   | 3 |  3.7
Spellcasting   | 7 8 11 12 13 16 18 20 21 | 21.0
Evocations     | 1 9 13 14 17 | 17.3
Armour         | 2 3 5 |  5.5
Fighting       | 1 8 |  8.6
Dodging        | 3 5 |  5.9
Shields        | 4 |  4.0
Necromancy     | 8 14 18 19 | 19.4
Stealth        | |  2.4
Transmutations | |  0.8

Action                   |  1- 3 |  4- 6 |  7- 9 | 10-12 | 13-15 | 16-18 | 19-21 | 22-24 || total
-------------------------+-------+-------+-------+-------+-------+-------+-------+-------++-------
Melee: Club              |    26 |    27 |       |       |       |       |       |       ||    53
       Dagger            |       |     3 |       |       |       |       |       |       ||     3
       Staff             |       |       |       |    92 |    85 |   125 |    43 |    25 ||   370
 Cast: Sandblast         |    21 |   109 |   106 |   120 |   125 |    44 |     3 |     8 ||   536
       Passwall          |       |    12 |    10 |    18 |    13 |    21 |     4 |       ||    78
       Stone Arrow       |       |       |    33 |   199 |   120 |    45 |    11 |     8 ||   416
       Lee's Rapid Decon |       |       |     1 |    30 |    58 |    22 |    40 |    13 ||   164
       Borgnjor's Vile C |       |       |       |       |    56 |   126 |    37 |    40 ||   259
       Sublimation of Bl |       |       |       |       |     5 |    51 |   148 |    33 ||   237
       Shatter           |       |       |       |       |       |    47 |   157 |    47 ||   251
       Statue Form       |       |       |       |       |       |       |       |     5 ||     5
       Infestation       |       |       |       |       |       |       |       |     1 ||     1
 Abil: Evoke Invisibilit |       |       |       |     1 |       |       |       |       ||     1
       Evoke Flight      |       |       |       |       |     1 |       |       |       ||     1
       End Transformatio |       |       |       |       |       |       |       |     2 ||     2
Evoke: Wand              |       |     1 |     2 |    55 |    41 |    17 |       |    11 ||   127
       Phantom mirror    |       |       |       |       |     5 |     7 |     2 |     5 ||    19
       Box of beasts     |       |       |       |       |     8 |    14 |     4 |     9 ||    35
       Condenser vane    |       |       |       |       |       |    11 |     9 |    13 ||    33
       Lightning rod     |       |       |       |       |       |    12 |     2 |    10 ||    24
       Tin of tremorston |       |       |       |       |       |     2 |     6 |    18 ||    26
       Phial of floods   |       |       |       |       |       |     1 |     4 |     5 ||    10
  Use: Scroll            |     2 |     9 |     1 |    14 |    15 |     8 |     6 |     2 ||    57
       Potion            |       |       |       |     1 |     2 |     3 |     4 |     5 ||    15
 Stab: Sleeping          |       |     2 |       |     2 |       |       |       |       ||     4
       Paralysed         |       |       |       |    17 |       |       |       |       ||    17
       Distracted        |       |       |       |       |       |     1 |       |       ||     1
Armor: Robe              |    12 |     1 |       |       |       |       |       |       ||    13
       Ring mail         |       |    26 |    24 |    97 |    94 |   210 |   112 |    16 ||   579
       Skin              |       |       |       |       |       |       |       |   213 ||   213
Dodge: Dodged            |    33 |    42 |    45 |   129 |   154 |   200 |   109 |   214 ||   926
Block: Buckler           |       |       |       |     5 |    89 |   241 |   160 |   163 ||   658
       Reflection        |       |       |       |       |       |    29 |    27 |     3 ||    59
       Rpst.: Falchion   |       |     1 |       |       |       |       |       |       ||     1

Table legend: (Time is in decaauts)
 A = Elapsed time spent in this place.
 B = Non-inter-level travel time spent in this place.
 C = Inter-level travel time spent in this place.
 D = Time resting spent in this place.
 E = Time spent auto-exploring this place.
 F = Levels seen in this place.
 G = Mean time per level.
                   A        B        C        D        E       F      G
               +--------+--------+--------+--------+--------+-----+--------+
         Total |  17725 |  16818 |    907 |     16 |      0 |  49 |  361.7 |
       Dungeon |   6673 |   6500 |    173 |      0 |      0 |  14 |  476.6 |
          Lair |   3236 |   2693 |    543 |      0 |      0 |   6 |  539.3 |
         Swamp |    823 |    823 |      0 |      0 |      0 |   4 |  205.8 |
     Snake Pit |   1157 |    981 |    176 |      0 |      0 |   4 |  289.2 |
    Slime Pits |    596 |    586 |     10 |      0 |      0 |   5 |  119.2 |
  Orcish Mines |    999 |    998 |      1 |      0 |      0 |   2 |  499.5 |
   Elven Halls |   2068 |   2066 |      2 |      0 |      0 |   3 |  689.3 |
        Vaults |    958 |    958 |      0 |      0 |      0 |   5 |  191.6 |
         Crypt |    545 |    545 |      0 |      8 |      0 |   3 |  181.7 |
          Tomb |    666 |    666 |      0 |      8 |      0 |   3 |  222.0 |
               +--------+--------+--------+--------+--------+-----+--------+

Top non-repeatable levels by time:
    D:10: 849 daAuts
     D:2: 796 daAuts
   Elf:3: 753 daAuts
   Elf:2: 753 daAuts
   Orc:2: 702 daAuts
     D:9: 687 daAuts
  Lair:6: 668 daAuts
  Lair:2: 658 daAuts
     D:8: 622 daAuts
  Lair:5: 590 daAuts
     D:1: 570 daAuts
   Elf:1: 561 daAuts
     D:7: 549 daAuts
    D:11: 505 daAuts
  Lair:3: 457 daAuts

Table legend:
 A = Kills in this place as a percentage of kills in entire the game.
 B = Kills by you in this place as a percentage of kills by you in the entire game.
 C = Kills by friends in this place as a percentage of kills by friends in the entire game.
 D = Other kills in this place as a percentage of other kills in the entire game.
 E = Experience gained in this place as a percentage of experience gained in the entire game.
 F = Experience gained in this place divided by the number of levels of this place that you have seen.
                   A       B       C       D       E      F
               +-------+-------+-------+-------+-------+----------------------
         Total | 100.0 | 100.0 | 100.0 | 100.0 | 100.0 | 19297.4
       Dungeon |  25.3 |  26.5 |   0.0 |   0.0 |   4.8 | 3216.1
          Lair |  10.1 |  10.4 |   4.0 |   0.0 |   5.3 | 8387.0
         Swamp |   6.4 |   6.6 |   2.7 |   0.0 |   6.1 | 14513.0
     Snake Pit |   7.5 |   6.6 |  26.7 |   0.0 |   7.5 | 17808.0
    Slime Pits |   5.3 |   4.7 |  20.0 |   0.0 |   7.9 | 14903.4
  Orcish Mines |   3.9 |   4.0 |   0.0 |   0.0 |   1.1 | 5250.0
   Elven Halls |   8.2 |   7.1 |  33.3 |   0.0 |  10.7 | 33700.7
        Vaults |  16.4 |  16.9 |   4.0 | 100.0 |  25.6 | 48438.8
         Crypt |   7.1 |   7.4 |   0.0 |   0.0 |   9.3 | 29389.0
          Tomb |   9.8 |   9.9 |   9.3 |   0.0 |  21.6 | 68154.3
               +-------+-------+-------+-------+-------+----------------------
